 Dungeon Crawl Stone Soup version 0.27-a0-1378-gdefffd1ff6 (webtiles) character file.

Game seed: 1147458740801657917

13864 karkarkar the Cleaver (level 11, -12/101 HPs)
             Began as a Minotaur Berserker on June 29, 2021.
             Was an Elder of Trog.
             Mangled by a boulder beetle (15 damage)
             ... on level 13 of the Dungeon on June 30, 2021.
             The game lasted 00:32:04 (14466 turns).

karkarkar the Cleaver (Minotaur Berserker)         Turns: 14466, Time: 00:32:05

Health: -12/101    AC: 16    Str: 24    XL:     11   Next: 81%
Magic:  10/10      EV:  8    Int:  4    God:    Trog [****..]
Gold:   738        SH: 16    Dex: 11    Spells: 10/10 levels left

rFire    . . .     SeeInvis +   L - +4 spear "Ramoomm" {flame, Fly rN+}
rCold    . . .     Faith    .   J - +0 kite shield
rNeg     + + .     Spirit   .   d - +0 plate armour
rPois    .         Reflect  +   (helmet restricted)
rElec    .         Harm     .   P - +0 cloak
rCorr    .         Rampage  .   (no gloves)
Will     .....                  (no boots)
Stlth    ..........             c - amulet of reflection
HPRegen  0.26/turn              Q - ring of positive energy
MPRegen  0.12/turn              D - ring of see invisible

@: on berserk cooldown, flying, hasted, studying Long Blades, very quick
A: horns 2, retaliatory headbutt
a: Renounce Religion, Berserk, Trog's Hand, Brothers in Arms


You were on level 13 of the Dungeon.
You worshipped Trog.
Trog was greatly pleased with you.
You visited 1 branch of the dungeon, and saw 12 of its levels.
You also visited: Ossuary.

You collected 770 gold pieces.
You spent 32 gold pieces at shops.

Inventory:

Hand Weapons
 B - a +0 war axe
 L - the +4 spear "Ramoomm" (weapon) {flame, Fly rN+}
   (You found it on level 9 of the Dungeon)

   It has been specially enchanted to burn those struck by it, causing extra
   injury to most foes and up to half again as much damage against particularly
   susceptible opponents.
   rN:        It protects you from negative energy.
   Fly:       It grants you flight.
 M - a +2 scimitar of flaming
Missiles
 G - a curare-tipped dart
 H - 3 throwing nets
 O - 2 atropa-tipped darts (quivered)
Armour
 a - +0 acid dragon scales
 d - a +0 plate armour (worn)
 J - a +0 kite shield (worn)
 P - a +0 cloak (worn)
Jewellery
 c - an amulet of reflection (around neck)
 l - an amulet of faith
 D - a ring of see invisible (right hand)
 E - the ring of Pesoim {*Slow rCorr Str+2 Dex+9}
   (You found it on level 8 of the Dungeon)

   [ring of resist corrosion]

   Str:       It affects your strength (+2).
   Dex:       It affects your dexterity (+9).
   rCorr:     It protects you from acid and corrosion.
   *Slow:     It may slow you when you take damage.
 Q - a ring of positive energy (left hand)
Wands
 e - a wand of mindburst (7)
 v - a wand of iceblast (6)
 z - a wand of polymorph (9)
 F - a wand of flame (44)
 N - a wand of acid (12)
Scrolls
 g - 3 scrolls of enchant armour
 i - 4 scrolls of teleportation
 m - 3 scrolls of enchant weapon {unknown}
 p - 2 scrolls of amnesia
 r - a scroll of immolation
 t - 4 scrolls of magic mapping
 u - a scroll of holy word {unknown}
 y - 2 scrolls of fear {unknown}
 C - a scroll of noise {unknown}
 I - a scroll of blinking {unknown}
 R - 2 scrolls of vulnerability {unknown}
Potions
 b - a potion of magic {unknown}
 f - 5 potions of might
 k - 7 potions of haste
 n - 6 potions of mutation
 o - 2 potions of attraction
 s - a potion of berserk rage {unknown}
 w - 5 potions of cancellation
 x - a potion of lignification {unknown}
 A - 4 potions of brilliance {unknown}
 K - a potion of flight {unknown}
Miscellaneous
 h - a box of beasts


   Skills:
 + Level 10.4 Fighting
 + Level 3.1 Long Blades
 + Level 11.8(12.4) Axes
 + Level 6.4(10.0) Polearms
 + Level 1.0 Throwing
 + Level 11.8 Armour
 + Level 5.1 Dodging
 + Level 2.2 Stealth
 + Level 8.6 Shields
 + Level 0.2 Evocations


You had 10 spell levels left.
You didn't know any spells.
Your spell library was empty.

Dungeon Overview and Level Annotations

Branches:
Dungeon (13/15)            Temple (0/1) D:5            Lair (0/6) D:9
Ossuary (visited)
    Orc: D:9-12      Vaults: D:13-14

Altars:
Cheibriados
Elyvilon
Nemelex Xobeh
Okawaru
Ru
Uskayaw
Xom
Jiyva

Shops:
D:12 **

Annotations:
D:9 1 runed translucent door, bande's ghost, journeyman GrFi
D:12 3 runed translucent doors, Vuful's ghost, journeyman OpCj


Innate Abilities, Weirdness & Mutations

You have a pair of horns on your head.
You reflexively headbutt those who attack you in melee.


Message History

You feel yourself speed up. The boulder beetle bites you.
You hit the boulder beetle. You burn the boulder beetle.
The boulder beetle is severely wounded.
You hit the boulder beetle but do no damage.
The boulder beetle is severely wounded.
The boulder beetle bites you but does no damage.
You hit the boulder beetle. You burn the boulder beetle.
You headbutt the boulder beetle!
The boulder beetle is almost dead.
Your shield and plate armour prevent you from hitting the boulder beetle.
The boulder beetle is almost dead.
You block the boulder beetle's attack.
You hit the boulder beetle but do no damage.
The boulder beetle is almost dead.
You hit the boulder beetle. You burn the boulder beetle.
The boulder beetle is almost dead.
The boulder beetle bites you!!
* * * LOW HITPOINT WARNING * * *
You hit the boulder beetle but do no damage.
The boulder beetle is almost dead.
You hit the boulder beetle but do no damage.
You headbutt the boulder beetle.
The boulder beetle is almost dead.
The boulder beetle bites you!
* * * LOW HITPOINT WARNING * * *
You hit the boulder beetle but do no damage.
The boulder beetle is almost dead.
You're still recovering from your berserk rage.
You completely miss the boulder beetle.
The boulder beetle is almost dead.
The boulder beetle bites you.
* * * LOW HITPOINT WARNING * * *
You hit the boulder beetle but do no damage.
The boulder beetle is almost dead.
You hit the boulder beetle. You burn the boulder beetle.
You headbutt the boulder beetle.
The boulder beetle is almost dead.
The boulder beetle bites you!
You die...

#...[......#
#..........#
#..........#
#.......<>.####...
#...............<#
#..[.......#####.#
#..........# #.#
#..........# #(#
##@....##### #.#
##.B##### ####'##
#.......# #.....<
#.......# ###......
#.......####.'°.....
#.......°....#......
#.......######......
#.......# #..B...
#.......# #......


You could see a boulder beetle.

Vanquished Creatures
  Harold (D:9)
  2 hydras
  Erica (D:9)
  A centaur warrior (D:13)
  2 two-headed ogres
  An ugly thing (D:13)
  A manticore (D:12)
  A deep elf pyromancer (D:12)
  2 gargoyles
  An unseen horror (D:12)
  A troll (D:9)
  A hornet (D:9)
  Grinder (D:3)
  6 slime creatures (D:12)
  A spriggan (shapeshifter) (D:13)
  A wyvern (D:6)
  3 yaks (D:10)
  6 vampire mosquitoes
  3 acid dragons
  2 ice beasts
  3 sky beasts
  An orc warrior (D:9)
  A black bear (D:4)
  3 necrophages
  A hornet zombie (D:8)
  4 ogres
  3 centaurs
  2 elf zombies (Ossuary)
  A phantom (D:3)
  2 kobold brigands
  A gnoll sergeant (D:8)
  2 scorpions
  2 bullfrogs
  2 water moccasin zombies
  3 wyvern skeletons
  3 killer bees (D:10)
  3 wights (D:8)
  4 howler monkeys
  3 centaur zombies (Ossuary)
  A hound (D:7)
  A human zombie (Ossuary)
  An orc priest (D:3)
  A jelly (D:5)
  2 iguanas
  An iron imp (D:6)
  A centaur skeleton (D:7)
  4 orc wizards
  A scorpion zombie (D:5)
  A hound skeleton (D:4)
  2 mummies (Ossuary)
  A howler monkey zombie (D:9)
  4 gnolls
  10 adders
  2 howler monkey skeletons
  2 shadow imps
  3 white imps
  An adder zombie (Ossuary)
  3 adder skeletons
  2 worms (D:2)
  A dart slug (D:2)
  16 orcs
  3 ball pythons (D:1)
  3 endoplasms
  5 giant cockroaches
  10 goblins
  6 hobgoblins
  4 jackals
  18 kobolds
  5 quokkas
  8 bats
  A frilled lizard (D:1)
  A goblin zombie (Ossuary)
  8 hobgoblin zombies (Ossuary)
  13 kobold zombies (Ossuary)
  7 orc zombies (Ossuary)
  7 rats
242 creatures vanquished.

Vanquished Creatures (others)
  An orc wizard (D:6)
  3 plants (D:4)
4 creatures vanquished.

Grand Total: 246 creatures vanquished

Notes
Turn   | Place    | Note
-------+----------+-------------------------------------------
     0 | D:1      | karkarkar the Minotaur Berserker began the quest for the
                  | Orb.
     0 | D:1      | Reached XP level 1. HP: 19/19 MP: 0/0
    58 | D:1      | Found a faded altar of an unknown god.
   489 | D:1      | Reached XP level 2. HP: 25/27 MP: 1/1
  1555 | D:2      | Reached XP level 3. HP: 29/33 MP: 2/2
  2444 | D:3      | Reached XP level 4. HP: 28/41 MP: 3/3
  2622 | D:3      | Noticed Grinder
  2634 | D:3      | Paralysed by Grinder for 4 turns
  2643 | D:3      | Killed Grinder
  2644 | D:3      | Reached skill level 5 in Fighting
  2644 | D:3      | Reached skill level 5 in Axes
  2644 | D:3      | Reached skill level 1 in Shields
  2644 | D:3      | Reached XP level 5. HP: 28/48 MP: 4/4
  2644 | D:3      | Reached XP level 6. HP: 33/56 MP: 5/5
  2914 | D:3      | Found a sacrificial altar of Ru.
  2923 | D:3      | Reached ** piety under Trog
  3127 | D:3      | Found an iron altar of Okawaru.
  3472 | D:4      | Reached skill level 1 in Stealth
  3517 | D:4      | Reached XP level 7. HP: 52/62 MP: 6/6
  3665 | D:4      | Found a shimmering altar of Xom.
  3759 | D:4      | Found a sand-covered staircase.
  3763 | Ossuary  | Entered an ossuary
  3946 | Ossuary  | Reached *** piety under Trog
  4006 | Ossuary  | Reached XP level 8. HP: 69/71 MP: 7/7
  5050 | D:5      | Entered Level 5 of the Dungeon
  5198 | D:5      | Found a hide-covered altar of Uskayaw.
  5276 | D:5      | Found a staircase to the Ecumenical Temple.
  5283 | D:5      | Reached skill level 5 in Armour
  5342 | D:5      | Reached **** piety under Trog
  6026 | D:6      | Reached XP level 9. HP: 74/79 MP: 8/8
  6055 | D:6      | Reached skill level 10 in Axes
  6508 | D:6      | Found a snail-covered altar of Cheibriados.
  6912 | D:6      | Found a white marble altar of Elyvilon.
  8328 | D:8      | Reached skill level 5 in Shields
  8644 | D:8      | Reached XP level 10. HP: 55/89 MP: 9/9
  9119 | D:8      | Identified the ring of Pesoim {*Slow rCorr Str+2 Dex+9}
  9133 | D:8      | Found a sparkling altar of Nemelex Xobeh.
 10009 | D:9      | Identified the +4 spear "Ramoomm" {flame, Fly rN+}
 10031 | D:9      | Found a staircase to the Lair.
 10144 | D:9      | Noticed Erica
 10166 | D:9      | Killed Erica
 10167 | D:9      | Reached skill level 1 in Polearms
 10466 | D:9      | Noticed a two-headed ogre
 10474 | D:9      | Killed a two-headed ogre
 10618 | D:9      | Noticed a five-headed hydra
 10635 | D:9      | Killed a one-headed hydra
 10636 | D:9      | Reached skill level 1 in Long Blades
 10636 | D:9      | Reached skill level 10 in Armour
 10730 | D:9      | Noticed Harold
 10747 | D:9      | Killed Harold
 10748 | D:9      | Reached XP level 11. HP: 64/99 MP: 10/10
 11076 | D:9      | Found a runed translucent door.
 11081 | D:9      | Noticed a yaktaur captain
 11081 | D:9      | Noticed bande's ghost (journeyman GrFi)
 11454 | D:10     | Entered Level 10 of the Dungeon
 11827 | D:10     | Reached skill level 5 in Dodging
 12310 | D:10     | You are sucked into a shaft and drop 2 floors!
 12317 | D:12     | Noticed a two-headed ogre
 12328 | D:12     | Killed a two-headed ogre
 12329 | D:12     | Reached skill level 5 in Polearms
 12416 | D:12     | Reached ***** piety under Trog
 12566 | D:12     | Found a runed translucent gate.
 12566 | D:12     | Found a runed translucent gate.
 12568 | D:12     | Found a runed translucent gate.
 12568 | D:12     | Noticed a quicksilver ooze
 12586 | D:12     | Noticed Vuful's ghost (journeyman OpCj)
 12682 | D:12     | Noticed a four-headed hydra
 12702 | D:12     | Killed a one-headed hydra
 13042 | D:12     | Reached skill level 10 in Fighting
 13158 | D:12     | Noticed a deep elf pyromancer
 13183 | D:12     | Killed a deep elf pyromancer
 13184 | D:12     | Reached skill level 1 in Throwing
 13862 | D:12     | Found Rixump's General Store.
 13885 | D:12     | Found Xyovogurch's Specific Store.
 13894 | D:12     | Bought a scroll of identify for 32 gold pieces
 14163 | D:12     | Found a viscous altar of Jiyva.
 14212 | D:13     | Noticed a green ugly thing
 14212 | D:13     | Noticed a centaur warrior
 14223 | D:13     | Killed a green ugly thing
 14231 | D:13     | Killed a centaur warrior
 14356 | D:13     | Noticed a boulder beetle
 14464 | D:13     | HP: 3/101 [boulder beetle (5)]
 14466 | D:13     | Mangled by a boulder beetle

Illustrated notes

Levels and vault maps discovered:
D:1:      psy_arrival_basics, layout_basic, chequers_ecumenical_altar_island,
          chequers_mini_garden
D:2:      layout_rooms, serial_forest, infiniplex_forest_lined_corner,
          infiniplex_forest_straight_2, infiniplex_forest_pool,
          infiniplex_forest_corner_1, infiniplex_forest_clump_curved,
          infiniplex_forest_side_room, infiniplex_forest_lined_room_2,
          minmay_divided_ellipse
D:3:      layout_basic, nicolae_ru_sacrificial_ziggurat, lemuel_crystal_altar,
          uniq_grinder
D:4:      minmay_thinvault, layout_cave_pools, xom_teletrap_fun,
          enter_ossuary_5, gup_sewer_entry_bubbles, serial_forest,
          infiniplex_forest_corner_1, infiniplex_forest_split,
          infiniplex_forest_clump_curved, infiniplex_forest_end_3,
          infiniplex_forest_clump_small, minmay_stone_trees_small,
          kennysheep_cross_bottleneck
D:5:      layout_rooms, eat_drink_and_be_merry_uskayaw,
          minmay_temple_entry_wispy, chequers_serial_rivers_large_b,
          minivault_24, due_unseen_surprise
D:6:      layout_basic, slow_altar_1, amcnicky_altar_gilded, minmay_manual_mail
D:7:      layout_rooms
D:8:      layout_basic, nemelex_xobeh_ov_fountains_minmay,
          chequers_serial_rivers_room_b
D:9:      layout_stronghold, lair_entry_dummy, ebering_ghost_inner_flame,
          uniq_erica, uniq_harold
D:10:     layout_roguey, nicolae_twisting_strands
D:12:     layout_cave_pods, gammafunk_ghost_ooze, serial_column_ruins,
          column_ruins_open_tiny, column_ruins_columns_straight,
          column_ruins_columns_straight, column_ruins_columns_straight,
          column_ruins_open_small, column_ruins_columns_corner,
          nicolae_specific_store
D:13:     layout_roguey

Skill      XL: |  1  2  3  4  5  6  7  8  9 10 11 |
---------------+----------------------------------+-----
Axes           | 4 5 6 8 9 11 | 11.8
Fighting       | 4 5 6 7 8 9 10 | 10.4
Armour         | 3 4 6 8 10 11 | 11.8
Dodging        | 3 4 5 |  5.1
Shields        | 1 2 3 5 6 8 |  8.6
Stealth        | 1 2 |  2.2
Polearms       | 4 6 |  6.4
Long Blades    | 1 3 |  3.1
Throwing       | 1 |  1.0
Evocations     | |  0.2

Action                   |  1- 3 |  4- 6 |  7- 9 | 10-12 || total
-------------------------+-------+-------+-------+-------++-------
Melee: Hand axe          |   100 |    55 |   382 |       ||   537
       Headbutt          |    16 |    11 |   110 |    83 ||   220
       War axe           |       |       |    37 |    56 ||    93
       Spear             |       |       |       |   302 ||   302
       Scimitar          |       |       |       |    17 ||    17
Throw: Dart              |       |     1 |       |     8 ||     9
Invok: Berserk           |     2 |     2 |     4 |     5 ||    13
       Trog's Hand       |       |       |     1 |     5 ||     6
Evoke: Wand              |       |       |       |     3 ||     3
  Use: Scroll            |     1 |     1 |     7 |     4 ||    13
       Potion            |       |       |     1 |     5 ||     6
 Stab: Distracted        |       |     1 |       |       ||     1
Armor: Animal skin       |    20 |     3 |       |       ||    23
       Chain mail        |       |     5 |   151 |    57 ||   213
       Scale mail        |       |     2 |       |       ||     2
       Plate armour      |       |       |       |    43 ||    43
       Acid dragon scale |       |       |       |     8 ||     8
Dodge: Dodged            |    58 |    22 |   155 |    87 ||   322
Block: Other             |    12 |     8 |    63 |    22 ||   105
       Reflection        |       |       |     2 |    19 ||    21
       Kite shield       |       |       |       |   174 ||   174

Table legend: (Time is in decaauts)
 A = Elapsed time spent in this place.
 B = Non-inter-level travel time spent in this place.
 C = Inter-level travel time spent in this place.
 D = Time resting spent in this place.
 E = Time spent auto-exploring this place.
 F = Levels seen in this place.
 G = Mean time per level.
                   A        B        C        D        E       F      G
               +--------+--------+--------+--------+--------+-----+--------+
         Total |  14557 |  14352 |    205 |   1693 |   9825 |  13 | 1119.8 |
       Dungeon |  14258 |  14053 |    205 |   1693 |   9794 |  12 | 1188.2 |
       Ossuary |    298 |    298 |      0 |      0 |     31 |   1 |  298.0 |
               +--------+--------+--------+--------+--------+-----+--------+

Top non-repeatable levels by time:
    D:12: 1885 daAuts
     D:8: 1730 daAuts
     D:9: 1576 daAuts
     D:2: 1527 daAuts
     D:6: 1496 daAuts
     D:4: 1386 daAuts
     D:3: 1161 daAuts
     D:5: 896 daAuts
    D:10: 828 daAuts
     D:7: 763 daAuts
     D:1: 755 daAuts
 Ossuary: 298 daAuts
    D:13: 249 daAuts
